 Dungeon Crawl Stone Soup version 0.20-a0-795-ga03948b (webtiles) character file.

86 Alarkh the Skirmisher (level 4, -1/35 HPs)
             Began as a Demonspawn Abyssal Knight on Mar 2, 2017.
             Was a Believer of Lugonu.
             Slain by Grinder (2 damage)
             ... on level 3 of the Dungeon.
             The game lasted 00:03:39 (3234 turns).

Alarkh the Skirmisher (Demonspawn Abyssal Knight)   Turns: 3234, Time: 00:03:40

Health: -1/35      AC:  5    Str: 12    XL:     4   Next: 26%
Magic:  6/6        EV: 19    Int: 19    God:    Lugonu [**....]
Gold:   122        SH:  0    Dex: 18    Spells: 3/3 levels left

rFire    + . .     SeeInvis .   a - +1 falchion
rCold    + . .     Gourm    .   b - +0 leather armour
rNeg     . . .     Faith    .   (no shield)
rPois    .         Spirit   .   (no helmet)
rElec    .         Reflect  .   (no cloak)
rCorr    .         Harm     .   u - +0 pair of gloves
MR       .....                  w - +0 pair of boots
Stlth    ++........             (no amulet)
Regen    0.2/turn               r - ring of protection from cold
MPRegen  0.1/turn               e - ring of protection from fire

@: brilliant, agile, very slightly contaminated, invisible
A: talons 1, repulsion field 1
a: Depart the Abyss, Bend Space, Renounce Religion


You were on level 3 of the Dungeon.
You worshipped Lugonu.
Lugonu was pleased with you.
You were hungry.

You visited 1 branch of the dungeon, and saw 3 of its levels.
You visited the Abyss 1 time.

You collected 122 gold pieces.

Inventory:

Hand Weapons
 a - a +1 falchion (weapon)
Armour
 b - a +0 leather armour (worn)
 u - a +0 pair of gloves (worn)
 w - a +0 pair of boots (worn)
Jewellery
 e - a ring of protection from fire (left hand)
 r - a ring of protection from cold (right hand)
Wands
 g - a wand of enslavement (9/24)
Scrolls
 d - a scroll of noise
 i - a scroll of remove curse {unknown}
 k - a scroll of random uselessness {unknown}
 l - a scroll of blinking
 m - a scroll of teleportation {unknown}
 n - a scroll of recharging {unknown}
 p - a scroll of enchant weapon {unknown}
 v - a scroll of magic mapping {unknown}
 y - a scroll of identify {unknown}
Potions
 h - a potion of curing
Comestibles
 c - 5 bread rations
 f - a royal jelly
 q - 4 fruits
 s - 2 chunks of flesh
 x - a meat ration


   Skills:
 + Level 3.4 Fighting
 * Level 2.6 Long Blades
 + Level 2.3 Armour
 + Level 1.6 Dodging
 + Level 3.4 Invocations


You had 3 spell levels left.
You didn't know any spells.

Dungeon Overview and Level Annotations

Branches:
Dungeon (3/15)

Altars:

Annotations:
D:3 Grinder


Innate Abilities, Weirdness & Mutations

You have sharp toenails.
You are surrounded by a mild repulsion field. (EV +2)


Message History

You closely miss Grinder.
Grinder is moderately wounded.
Grinder hits you.
* * * LOW HITPOINT WARNING * * *
You writhe in agony.
* * * LOW HITPOINT WARNING * * *
You closely miss Grinder.
Grinder is moderately wounded.
Grinder hits you but does no damage.
You don't have enough health at the moment.
You barely miss Grinder.
Grinder is moderately wounded.
Grinder closely misses you.
You closely miss Grinder.
Grinder is moderately wounded.
Grinder completely misses you.
You hit Grinder but do no damage.
Grinder is moderately wounded.
Grinder closely misses you. Grinder hits you.
You die...

#.....#
#...
###.###
#...
#.#
#..>
#.#
#.#.
#.#
#.#.
##.####
#.#.
#.....#
#l#.
#.....#
#.#.
#.@...#
#.
#.5...#
#.....#
#.....#
#.....#
#.....#
#.....#
#.....#


You could see Grinder.

Vanquished Creatures
  2 adders (D:2)
  4 worms
  2 dart slugs
  3 leopard geckos
  2 giant cockroaches
  8 goblins
  3 hobgoblins
  3 jackals (D:3)
  6 kobolds
  2 quokkas
  2 ball pythons
  3 bats
  5 frilled lizards
  4 rats
49 creatures vanquished.

Notes
Turn   | Place    | Note
-------+----------+-------------------------------------------
     0 | Abyss:1  | Alarkh the Demonspawn Abyssal Knight began the quest for the Orb.
     0 | Abyss:1  | Reached XP level 1. HP: 18/18 MP: 2/2
    53 | Abyss:2  | Found a corrupted altar of Lugonu.
   106 | Abyss:2  | Noticed an orange demon
   110 | Abyss:2  | Noticed an ancient zyme
   115 | Abyss:2  | Noticed a ynoxinul
   117 | Abyss:2  | Noticed a smoke demon
   121 | Abyss:2  | Noticed a wretched star
   127 | D:1      | Escaped the Abyss
   315 | D:1      | Reached skill level 1 in Dodging
   645 | D:1      | Gained mutation: You are surrounded by a mild repulsion field. (EV +2) [demonic ancestry]
   645 | D:1      | Reached XP level 2. HP: 24/24 MP: 3/3
   901 | D:1      | Reached * piety under Lugonu
  1422 | D:2      | Reached XP level 3. HP: 24/29 MP: 5/5
  2708 | D:3      | Gained mutation: You have sharp toenails. [demonic ancestry]
  2708 | D:3      | Reached XP level 4. HP: 24/35 MP: 6/6
  3040 | D:3      | Reached ** piety under Lugonu
  3212 | D:3      | Noticed Grinder
  3230 | D:3      | HP: 1/35 [Grinder (6)]
  3234 | D:3      | Slain by Grinder

Vault maps used:
D:1:      scummos_arrival_star, minmay_misc_feat_iff
D:2:      first_bread, minmay_pentomino_x2
D:3:      uniq_grinder
Abyss:2:  evilmike_abyss_exit_glass

Skill      XL: |  1  2  3 |
---------------+----------+-----
Dodging        | 1 |  1.6
Long Blades    | 2 |  2.6
Armour         | 2 |  2.3
Invocations    | 3 |  3.4
Fighting       | |  3.4

Action                   |  1- 3 |  4- 6 || total
-------------------------+-------+-------++-------
Melee: Falchion          |   124 |    53 ||   177
       Kick              |       |     6 ||     6
Invok: Depart the Abyss  |     1 |       ||     1
  Use: Potion            |     1 |     3 ||     4
       Scroll            |     2 |       ||     2
 Stab: Sleeping          |     1 |     1 ||     2
  Eat: Chunk             |     6 |     1 ||     7
Armor: Leather armour    |    32 |    16 ||    48
Dodge: Dodged            |    94 |    50 ||   144
       Rpst.: Falchion   |    25 |    15 ||    40
